[Event "Fagernes Open 2021"]
[Site "Fagernes"]
[Date "2021.10.12"]
[Round "4.11"]
[White "Bach, Oliver"]
[Black "Lystad, Maximilian L"]
[Result "1/2-1/2"]
[ECO "E12"]
[WhiteElo "1715"]
[BlackElo "1767"]
[Annotator "NA"]
[PlyCount "127"]
[EventDate "2021.10.10"]
[EventCountry "NOR"]
[SourceTitle "playchess.com"]
[Source "ChessBase"]
[SourceQuality "1"]
[TimeControl "40/5400+30:1800+30"]

1. d4 e6 2. Nf3 Nf6 3. c4 b6 4. Nc3 Bb7 5. Bg5 Be7 6. e3 Ne4 7. Bxe7 Qxe7 8. Nxe4 Bxe4 9. Bd3 Qb4+ 10. Qd2 Qxd2+ 11. Kxd2 Bxd3 12. Kxd3 Nc6 13. e4 O-O 14. Rhe1 f5 15. e5 Rab8 16. a3 b5 17. b4 bxc4+ 18. Kxc4 Ne7 19. Rab1 Rb6 20. b5 c6 21. bxc6 Rxc6+ 22. Kd3 Rfc8 23. Rb3 Nd5 24. Reb1 Nf4+ 25. Ke3 Nxg2+ 26. Ke2 Nf4+ 27. Ke3 Nd5+ 28. Kd3 Rc3+ 29. Kd2 Rc2+ 30. Ke1 R8c3 31. Rxc3 Rxc3 32. Rb8+ Kf7 33. Nd2 Rxa3 34. Nc4 Ra4 35. Nd6+ Kg6 36. Rb7 Rxd4 37. Rxa7 Nf4 38. Ra5 Rd5 39. Rxd5 Nxd5 40. Ke2 Kh5 41. Kf3 Ne7 42. Nc4 Nc6 43. Kg3 g5 44. f4 gxf4+ 45. Kxf4 Nb4 46. Kf3 Nc6 47. Kf4 Ne7 48. Kf3 Nd5 49. Kg3 Nc3 50. Nb6 Ne4+ 51. Kf4 Nc5 52. Ke3 Kg4 53. Kd4 Nb3+ 54. Kc4 Nd2+ 55. Kd3 Nf3 56. Nxd7 Kf4 57. Nf8 Kxe5 58. Nxh7 Nxh2 59. Ke3 f4+ 60. Kf2 Ng4+ 61. Kf3 Kf5 62. Nf8 Nf6 63. Nxe6 Kxe6 64. Kxf4 1/2-1/2

[Event "Fagernes Open 2021"]
[Site "Fagernes"]
[Date "2021.10.12"]
[Round "4.12"]
[White "Galinsky, Misha"]
[Black "Shehzad, Alina"]
[Result "1-0"]
[ECO "E01"]
[WhiteElo "1756"]
[BlackElo "1189"]
[Annotator "NA"]
[PlyCount "53"]
[EventDate "2021.10.10"]
[EventCountry "NOR"]
[SourceTitle "playchess.com"]
[Source "ChessBase"]
[SourceQuality "1"]
[TimeControl "40/5400+30:1800+30"]

1. d4 e6 2. c4 Nf6 3. g3 d5 4. Nf3 c5 5. cxd5 Nxd5 6. e4 Nf6 7. Nc3 Nc6 8. d5 exd5 9. exd5 Nb4 10. Bb5+ Bd7 11. d6 a6 12. Qe2+ Be7 13. Bxd7+ Qxd7 14. dxe7 Qf5 15. O-O Nc6 16. Re1 h6 17. Ne4 Nxe4 18. Qxe4 Qf6 19. Be3 b6 20. Ne5 Rc8 21. Nxc6 Rxc6 22. Rad1 Rc8 23. Qb7 Qf5 24. Bf4 f6 25. Rd8+ Rxd8 26. exd8=R+ Kxd8 27. Qc7# 1-0

[Event "Fagernes Open 2021"]
[Site "Fagernes"]
[Date "2021.10.12"]
[Round "4.14"]
[White "Lye, Sigurd"]
[Black "Rynning, Rune Kleiven"]
[Result "1-0"]
[ECO "B51"]
[WhiteElo "1821"]
[BlackElo "1721"]
[Annotator "NA"]
[PlyCount "65"]
[EventDate "2021.10.10"]
[EventCountry "NOR"]
[SourceTitle "playchess.com"]
[Source "ChessBase"]
[SourceQuality "1"]
[TimeControl "40/5400+30:1800+30"]

1. e4 c5 2. Nf3 d6 3. Bb5+ Nd7 4. Ba4 Ngf6 5. O-O a6 6. c4 e6 7. Nc3 Be7 8. d3 O-O 9. a3 b6 10. Rb1 Bb7 11. h3 Qc7 12. Bf4 Rfd8 13. Qe2 Rac8 14. Bh2 Bc6 15. Bc2 Qb7 16. b4 Qa8 17. Rfd1 b5 18. bxc5 dxc5 19. cxb5 axb5 20. Nxb5 c4 21. Bd6 cxd3 22. Bxd3 Bxb5 23. Bxe7 Bxd3 24. Rxd3 Re8 25. Bb4 Nc5 26. Bxc5 Rxc5 27. Nd2 Rec8 28. Rdb3 Rc1+ 29. Rxc1 Rxc1+ 30. Kh2 Ra1 31. Qa6 Qd8 32. Qa5 Qe7 33. Rb7 1-0

[Event "Fagernes Open 2021"]
[Site "Fagernes"]
[Date "2021.10.12"]
[Round "4.15"]
[White "Sekkingstad, Thomas"]
[Black "Eiding, Amanda Mai Irgens"]
[Result "1-0"]
[ECO "D43"]
[WhiteElo "1812"]
[BlackElo "1639"]
[Annotator "NA"]
[PlyCount "71"]
[EventDate "2021.10.10"]
[EventCountry "NOR"]
[SourceTitle "playchess.com"]
[Source "ChessBase"]
[SourceQuality "1"]
[TimeControl "40/5400+30:1800+30"]

1. d4 d5 2. c4 c6 3. Nf3 Nf6 4. Nc3 e6 5. Bg5 h6 6. Bh4 dxc4 7. Ne5 b5 8. a4 a6 9. axb5 g5 10. Bg3 cxb5 11. Nxb5 Bb4+ 12. Nc3 Nd5 13. Qc2 Bb7 14. e3 Nd7 15. h4 N7b6 16. Be2 Rc8 17. Bf3 h5 18. Qd2 g4 19. Be4 a5 20. O-O f5 21. Bc2 Nf6 22. Qe2 Bxc3 23. bxc3 Qd5 24. f3 gxf3 25. Nxf3 Rg8 26. Ng5 Ng4 27. e4 Qc6 28. exf5 Ne3 29. Be4 Nbd5 30. f6 Rf8 31. f7+ Ke7 32. Rfc1 Ng4 33. Rxa5 Qb6 34. Bxd5 Bxd5 35. Rxd5 Nf6 36. Rd6 1-0

[Event "Fagernes Open 2021"]
[Site "Fagernes"]
[Date "2021.10.12"]
[Round "4.16"]
[White "Cross, Jamie"]
[Black "Evenshaug, Amadeus Hestvik"]
[Result "1-0"]
[ECO "D02"]
[WhiteElo "1761"]
[BlackElo "1609"]
[Annotator "NA RC"]
[PlyCount "111"]
[EventDate "2021.10.10"]
[EventCountry "NOR"]
[SourceTitle "playchess.com"]
[Source "ChessBase"]
[SourceQuality "1"]
[TimeControl "40/5400+30:1800+30"]

1. d4 Nf6 2. Bf4 d5 3. e3 e6 4. Nf3 Nbd7 5. Nbd2 Be7 6. h3 c6 7. Bd3 b6 8. O-O Bb7 9. Ne5 Nxe5 10. dxe5 Nd7 11. Qg4 g6 12. c4 Nc5 13. Be2 h5 14. Qf3 Bg5 15. cxd5 exd5 16. e4 O-O 17. exd5 cxd5 18. Rad1 d4 19. Qg3 Bh4 20. Qa3 Ne6 21. Bg3 Be7 22. Qd3 Nc5 23. Qb1 d3 24. Bf3 Bxf3 25. Nxf3 a5 26. Ne1 Qd4 27. Nxd3 Nxd3 28. Rxd3 Qb4 29. Rb3 Qc5 30. Rc1 Qd4 31. Rd1 Qc5 32. Rd7 Rae8 33. e6 Kg7 34. Rc3 Qg5 35. exf7 Rxf7 36. Rcc7 Ref8 37. Qe4 Bc5 38. Be5+ Kg8 39. Rxf7 Rxf7 40. Qa8+ Bf8 41. Rxf7 Kxf7 42. Qd5+ Ke8 43. Qe6+ Be7 44. Bd6 Qc1+ 45. Kh2 Qg5 46. Qxe7+ Qxe7 47. Bxe7 Kxe7 48. Kg3 Kf6 49. Kf4 g5+ 50. Ke4 Ke6 51. g4 hxg4 52. hxg4 b5 53. a3 b4 54. axb4 axb4 55. b3 Kf6 56. Kd5 1-0

[Event "Fagernes Open 2021"]
[Site "Fagernes"]
[Date "2021.10.12"]
[Round "4.17"]
[White "Johannessen, Theo N"]
[Black "Erikstad, Olav Aage"]
[Result "1-0"]
[ECO "D44"]
[WhiteElo "1668"]
[BlackElo "1761"]
[Annotator "NA"]
[PlyCount "131"]
[EventDate "2021.10.10"]
[EventCountry "NOR"]
[SourceTitle "playchess.com"]
[Source "ChessBase"]
[SourceQuality "1"]
[TimeControl "40/5400+30:1800+30"]

1. d4 c6 2. Nf3 d5 3. c4 Nf6 4. Nc3 e6 5. Bg5 dxc4 6. e4 b5 7. e5 h6 8. Bh4 g5 9. exf6 gxh4 10. Ne5 Qxf6 11. g3 Bb7 12. Bg2 a6 13. a4 Bb4 14. axb5 h3 15. Bf3 axb5 16. Rxa8 Bxa8 17. Qa1 O-O 18. Qxa8 Nd7 19. Qxc6 Nxe5 20. dxe5 Qxe5+ 21. Qe4 Bxc3+ 22. bxc3 Qxc3+ 23. Kf1 Qc1+ 24. Qe1 Qb2 25. Qe2 Qc1+ 26. Qd1 Qb2 27. Be4 f5 28. Qb1 Qd4 29. Bf3 e5 30. Qd1 Rd8 31. Qxd4 exd4 32. Ke2 d3+ 33. Ke3 d2 34. Bd1 Re8+ 35. Kxd2 b4 36. Bf3 Rd8+ 37. Kc1 c3 38. Rd1 Re8 39. Kc2 Kg7 40. Kb3 Rb8 41. Rd4 Kf6 42. Bd1 Ke5 43. Rf4 Ra8 44. Bc2 Ra1 45. Rxf5+ Kd4 46. Rf4+ Kc5 47. Rc4+ Kd5 48. Rh4 Ra3+ 49. Kxb4 Ra1 50. Kxc3 Rf1 51. f4 Rf3+ 52. Bd3 Ke6 53. Rxh6+ Kf7 54. Rxh3 Kg7 55. Rh5 Kg8 56. Kd4 Kg7 57. Ke4 Rf2 58. Kf5 Rb2 59. Kg5 Kg8 60. f5 Rb4 61. f6 Rb7 62. Bc4+ Rf7 63. Bxf7+ Kf8 64. Bg6 Kg8 65. f7+ Kg7 66. Rh7+ 1-0

[Event "Fagernes Open 2021"]
[Site "Fagernes"]
[Date "2021.10.13"]
[Round "5.2"]
[White "Kittilsen, Sigurd"]
[Black "Fiskaaen, Martin Holten"]
[Result "1-0"]
[ECO "B67"]
[WhiteElo "1881"]
[BlackElo "1829"]
[Annotator "NA"]
[PlyCount "155"]
[EventDate "2021.10.10"]
[EventCountry "NOR"]
[SourceTitle "playchess.com"]
[Source "ChessBase"]
[SourceQuality "1"]
[TimeControl "40/5400+30:1800+30"]

1. e4 c5 2. Nf3 d6 3. d4 cxd4 4. Nxd4 Nf6 5. Nc3 Nc6 6. Bg5 e6 7. Qd2 a6 8. O-O-O Bd7 9. f3 Nxd4 10. Qxd4 Be7 11. h4 Qc7 12. g4 b5 13. Be3 O-O 14. g5 Nh5 15. Bh3 b4 16. Qxb4 Rab8 17. Qd4 Rfc8 18. Bg4 Nf6 19. gxf6 Bxf6 20. Qxd6 Bxc3 21. bxc3 Qxc3 22. Qd3 Qb2+ 23. Kd2 Bb5 24. Bd4 Qb4+ 25. c3 Qa3 26. Qc2 Ba4 27. Qc1 Rb2+ 28. Ke3 Bxd1 29. Rxd1 Qxa2 30. Rd2 Rcb8 31. Be5 Rxd2 32. Qxd2 Qxd2+ 33. Kxd2 Rb5 34. f4 g6 35. c4 Rc5 36. Kc3 a5 37. Bd6 Rc8 38. c5 h6 39. e5 f5 40. Bd1 Kf7 41. Ba4 g5 42. fxg5 hxg5 43. hxg5 f4 44. Kd3 Kg6 45. Bd7 Ra8 46. Bxe6 a4 47. c6 a3 48. c7 f3 49. Ba2 Kxg5 50. Ke3 Kg4 51. e6 f2 52. Kxf2 Kf5 53. Ke3 Kg6 54. e7 Kf6 55. Kd4 Rc8 56. Kc5 Rxc7+ 57. Bxc7 Kxe7 58. Bf4 Kf6 59. Bc1 Kf5 60. Bxa3 Ke5 61. Bb2+ Ke4 62. Bb1+ Kf4 63. Kd4 Kf3 64. Bc1 Ke2 65. Bc2 Kf2 66. Ke4 Kg3 67. Bd1 Kf2 68. Bd2 Kg2 69. Be1 Kf1 70. Bh4 Kg2 71. Bg4 Kh2 72. Kf3 Kg1 73. Bg3 Kh1 74. Be5 Kg1 75. Bh3 Kh1 76. Kg3 Kg1 77. Bd4+ Kh1 78. Bg2# 1-0

[Event "Fagernes Open 2021"]
[Site "Fagernes"]
[Date "2021.10.13"]
[Round "5.3"]
[White "Amundsen, Ask"]
[Black "Dahl, Torbjorn"]
[Result "0-1"]
[ECO "B02"]
[WhiteElo "1816"]
[BlackElo "1876"]
[Annotator "NA"]
[PlyCount "60"]
[EventDate "2021.10.10"]
[EventCountry "NOR"]
[SourceTitle "playchess.com"]
[Source "ChessBase"]
[SourceQuality "1"]
[TimeControl "40/5400+30:1800+30"]

1. e4 Nf6 2. e5 Nd5 3. c4 Nb6 4. a4 d6 5. a5 N6d7 6. exd6 cxd6 7. d4 g6 8. h4 h5 9. Bg5 Bg7 10. Bd3 Nc6 11. Nf3 Nf6 12. Qc2 O-O 13. Qd2 Bg4 14. Nh2 Qd7 15. Bc2 Qe6+ 16. Be3 Qxc4 17. Rg1 Nb4 18. Nc3 Nxc2+ 19. Qxc2 Rac8 20. f3 Bf5 21. Qd2 e5 22. d5 Rfe8 23. g4 Bd7 24. Bg5 e4 25. gxh5 exf3+ 26. Kf2 Re2+ 27. Nxe2 Ne4+ 28. Kxf3 Nxd2+ 29. Bxd2 Qxd5+ 30. Kf2 Qxd2 0-1

[Event "Fagernes Open 2021"]
[Site "Fagernes"]
[Date "2021.10.13"]
[Round "5.4"]
[White "Johannessen, Heine N"]
[Black "Edvardsen, Ragnar"]
[Result "1/2-1/2"]
[ECO "A39"]
[WhiteElo "1930"]
[BlackElo "1865"]
[Annotator "NA"]
[PlyCount "71"]
[EventDate "2021.10.10"]
[EventCountry "NOR"]
[SourceTitle "playchess.com"]
[Source "ChessBase"]
[SourceQuality "1"]
[TimeControl "40/5400+30:1800+30"]

1. d4 Nf6 2. Nf3 g6 3. g3 Bg7 4. Bg2 O-O 5. c4 c5 6. O-O cxd4 7. Nxd4 Nc6 $14 8. Nc3 Nxd4 9. Qxd4 d6 10. Qd2 a6 11. b3 Rb8 12. Bb2 Be6 13. Rfd1 Qd7 14. Rac1 Rfc8 15. Ne4 Nxe4 16. Bxe4 Bxb2 17. Qxb2 Rc5 18. Rd2 Rbc8 19. Rcd1 Qc7 20. Bd5 Bxd5 21. Rxd5 Rxd5 22. Rxd5 Qb6 23. Qd4 Qxd4 24. Rxd4 Rc6 25. f4 f5 26. Kf2 Kf7 27. Kf3 Kf6 28. e4 h6 29. Rd5 e6 30. Rd3 g5 31. h3 gxf4 32. Kxf4 e5+ 33. Kf3 b5 34. Rc3 Ke6 35. Ke3 Kf6 36. Kf3 1/2-1/2

[Event "Fagernes Open 2021"]
[Site "Fagernes"]
[Date "2021.10.13"]
[Round "5.5"]
[White "Stromhaug, Kristoffer Wang"]
[Black "Galinsky, Misha"]
[Result "1/2-1/2"]
[ECO "C50"]
[WhiteElo "1718"]
[BlackElo "1756"]
[Annotator "NA RC"]
[PlyCount "95"]
[EventDate "2021.10.10"]
[EventCountry "NOR"]
[SourceTitle "playchess.com"]
[Source "ChessBase"]
[SourceQuality "1"]
[TimeControl "40/5400+30:1800+30"]

1. e4 e5 2. Nf3 Nc6 3. Bc4 Bc5 4. O-O Nf6 5. Nc3 O-O 6. d3 h6 7. Nd5 d6 8. Be3 Bxe3 9. Nxe3 Ne7 10. c3 c6 11. Bb3 Ng6 12. Qc2 d5 13. exd5 cxd5 14. d4 e4 15. Ne5 Nf4 16. f3 exf3 17. Rxf3 Ne6 18. Raf1 Ng5 19. Rf4 Be6 20. Qd3 Rc8 21. Bc2 Nge4 22. Nf5 Bxf5 23. Rxf5 Re8 24. Qe3 Re6 25. Bxe4 dxe4 26. g4 Rxe5 27. Rxf6 gxf6 28. dxe5 fxe5 29. Qxh6 Rc6 30. Qe3 Rg6 31. h3 Qd3 32. Re1 Qxe3+ 33. Rxe3 f5 34. Kh2 fxg4 35. Rxe4 gxh3 36. Kxh3 Rb6 37. b3 Rc6 38. c4 Ra6 39. a4 Rb6 40. Re3 Kf7 41. Kg4 Ke6 42. Kg5 Kd6 43. Kf5 Kc5 44. Rxe5+ Kd4 45. Rb5 Rxb5+ 46. axb5 a6 47. bxa6 bxa6 48. Ke6 1/2-1/2

[Event "Fagernes Open 2021"]
[Site "Fagernes"]
[Date "2021.10.13"]
[Round "5.7"]
[White "Bach, Oliver"]
[Black "Fredriksen, Jan Gunnar"]
[Result "0-1"]
[ECO "D31"]
[WhiteElo "1715"]
[BlackElo "1835"]
[Annotator "NA"]
[PlyCount "101"]
[EventDate "2021.10.10"]
[EventCountry "NOR"]
[SourceTitle "playchess.com"]
[Source "ChessBase"]
[SourceQuality "1"]
[TimeControl "40/5400+30:1800+30"]

1. Nf3 d5 2. d4 e6 3. c4 c6 4. Nc3 dxc4 5. e4 b5 6. Be2 Nf6 7. e5 Nd5 8. O-O Qb6 9. h4 Nd7 10. h5 h6 11. a3 Bb7 12. Qc2 c5 13. Nxd5 Bxd5 14. Be3 Rd8 15. Rfd1 Be7 16. Qc1 cxd4 17. Rxd4 Bc5 18. Rg4 Bxe3 19. fxe3 O-O 20. Kh1 Bxf3 21. gxf3 Nxe5 22. Rg2 f6 23. e4 Kf7 24. Qf4 g5 25. hxg6+ Kg7 26. Rag1 Qd6 27. Rh2 Rh8 28. Rh5 Qd2 29. Qh2 Qxb2 30. f4 Nd3 31. Rf1 a6 32. a4 bxa4 33. Qg2 a3 34. Ra5 Rd6 35. e5 Rb6 36. exf6+ Qxf6 37. Rxa3 Qh4+ 38. Kg1 Nxf4 39. Rxf4 Qxf4 40. Rf3 Qg5 41. Rg3 Rb1+ 42. Kh2 Qh4+ 43. Rh3 Qf4+ 44. Rg3 Rb3 45. Bf3 Rf8 46. Bb7 Qh4+ 47. Rh3 Rxh3+ 48. Qxh3 Rf2+ 49. Bg2 Qxh3+ 50. Kxh3 Rxg2 51. Kxg2 0-1

[Event "Fagernes Open 2021"]
[Site "Fagernes"]
[Date "2021.10.13"]
[Round "5.8"]
[White "Strand, Amund Pihl"]
[Black "Lye, Sigurd"]
[Result "1/2-1/2"]
[ECO "A23"]
[WhiteElo "1712"]
[BlackElo "1821"]
[Annotator "NA RC"]
[PlyCount "76"]
[EventDate "2021.10.10"]
[EventCountry "NOR"]
[SourceTitle "playchess.com"]
[Source "ChessBase"]
[SourceQuality "1"]
[TimeControl "40/5400+30:1800+30"]

1. c4 e5 2. Nc3 Nf6 3. g3 c6 4. d4 e4 5. Bg2 d5 6. e3 Nbd7 7. Nh3 Nb6 8. cxd5 cxd5 9. Nf4 Bd7 10. O-O Bd6 11. a4 a5 12. Qb3 Bc6 13. f3 exf3 14. Bxf3 Bb4 15. Be2 O-O 16. Qc2 Qd7 17. b3 Rfe8 18. Nd3 Bd6 19. Nc5 Qe7 20. Nb5 Bxc5 21. dxc5 Bxb5 22. axb5 Rec8 23. c6 bxc6 24. bxc6 Qd6 25. Bb5 Qe5 26. Rb1 Qe4 27. Qxe4 Nxe4 28. Rb2 Nc3 29. Bd3 Rxc6 30. Rc2 Rc7 31. Bb2 Nb5 32. Rcf2 Nd6 33. Bd4 Nd7 34. Bb2 Nf8 35. Be5 Rd8 36. Ra1 Re7 37. Bd4 Ne6 38. Rxa5 Nxd4 1/2-1/2

[Event "Fagernes Open 2021"]
[Site "Fagernes"]
[Date "2021.10.13"]
[Round "5.9"]
[White "Johannessen, Theo N"]
[Black "Sekkingstad, Thomas"]
[Result "1-0"]
[ECO "D18"]
[WhiteElo "1668"]
[BlackElo "1812"]
[Annotator "NA RC"]
[PlyCount "57"]
[EventDate "2021.10.10"]
[EventCountry "NOR"]
[SourceTitle "playchess.com"]
[Source "ChessBase"]
[SourceQuality "1"]
[TimeControl "40/5400+30:1800+30"]

1. d4 d5 2. Nf3 Nf6 3. c4 c6 4. Nc3 dxc4 5. a4 Bf5 6. e3 e6 7. Bxc4 Bb4 8. O-O O-O 9. Ne5 Nbd7 10. Nxd7 Qxd7 11. f3 c5 12. Na2 Qc7 13. Nxb4 cxb4 14. b3 Rfd8 15. Qe2 Bg6 16. Bb2 a5 17. Rac1 Qb6 18. Rfd1 h6 19. Qf2 Rac8 20. e4 Ne8 21. d5 Qxf2+ 22. Kxf2 exd5 23. Bxd5 Nd6 24. Bd4 b5 25. Bb6 Rxc1 26. Rxc1 Rb8 27. Bxa5 bxa4 28. bxa4 Kf8 29. Bc7 1-0

[Event "Fagernes Open 2021"]
[Site "Fagernes"]
[Date "2021.10.13"]
[Round "5.10"]
[White "Myagmarsuren, Evsuld"]
[Black "Eriksen, Olai Dyrhaug"]
[Result "1-0"]
[ECO "C54"]
[WhiteElo "1650"]
[BlackElo "1809"]
[Annotator "NA RC"]
[PlyCount "51"]
[EventDate "2021.10.10"]
[EventCountry "NOR"]
[SourceTitle "playchess.com"]
[Source "ChessBase"]
[SourceQuality "1"]
[TimeControl "40/5400+30:1800+30"]

1. e4 e5 2. Nf3 Nc6 3. Bc4 Nf6 4. d3 Bc5 5. c3 a6 6. a4 d6 7. O-O Ba7 8. Bg5 h6 9. Bh4 g5 10. Bg3 Bg4 11. Nbd2 Qd7 12. b4 Ne7 13. Qb3 Ng6 14. d4 Bxf3 15. Nxf3 g4 16. Nh4 Nxh4 17. Bxh4 Nxe4 18. dxe5 Nd2 19. e6 Qc6 20. exf7+ Kf8 21. Qc2 Nxc4 22. Bf6 Kxf7 23. Qf5 Rhe8 24. Bd4+ Kg8 25. Qg6+ Kf8 26. Qg7# 1-0

[Event "Fagernes Open 2021"]
[Site "Fagernes"]
[Date "2021.10.13"]
[Round "5.11"]
[White "Grindbakken, Erik"]
[Black "Ostensen, Nicolai Maxime"]
[Result "0-1"]
[ECO "B31"]
[WhiteElo "1632"]
[BlackElo "1768"]
[Annotator "NA"]
[PlyCount "80"]
[EventDate "2021.10.10"]
[EventCountry "NOR"]
[SourceTitle "playchess.com"]
[Source "ChessBase"]
[SourceQuality "1"]
[TimeControl "40/5400+30:1800+30"]

1. e4 c5 2. Nc3 Nc6 3. Bb5 g6 4. Nf3 Bg7 5. O-O Nf6 6. Re1 O-O 7. h3 Ne8 8. g4 Nc7 9. Bf1 e6 10. d3 b5 11. Bg5 Qe8 12. Bf4 e5 13. Be3 d6 14. Ne2 a5 15. Ng3 Ne6 16. c3 Ne7 17. Qd2 Bb7 18. Bg2 Rd8 19. Rad1 d5 20. Bh6 dxe4 21. Nxe4 Nc6 22. g5 Qe7 23. Bxg7 Kxg7 24. Qe3 a4 25. h4 a3 26. b3 b4 27. c4 Ned4 28. Nxd4 Nxd4 29. Rd2 Bxe4 30. Qxe4 Rfe8 31. f4 Rd6 32. fxe5 Re6 33. Qf4 Rxe5 34. Be4 Rf5 35. Qg3 Nf3+ 36. Bxf3 Qxe1+ 37. Qxe1 Rxe1+ 38. Kf2 Rb1 39. Ke3 Rb2 40. Bd1 Re5+ 0-1

[Event "Fagernes Open 2021"]
[Site "Fagernes"]
[Date "2021.10.13"]
[Round "5.12"]
[White "Lystad, Maximilian L"]
[Black "Skigelstrand, Live Jorgensen"]
[Result "0-1"]
[ECO "A20"]
[WhiteElo "1767"]
[BlackElo "1649"]
[Annotator "NA RC"]
[PlyCount "48"]
[EventDate "2021.10.10"]
[EventCountry "NOR"]
[SourceTitle "playchess.com"]
[Source "ChessBase"]
[SourceQuality "1"]
[TimeControl "40/5400+30:1800+30"]

1. c4 e5 2. g3 Nf6 3. Bg2 c6 4. d4 e4 5. Nc3 d5 6. cxd5 cxd5 7. Bg5 Bb4 8. Rc1 Nc6 9. Nh3 h6 10. Bxf6 Qxf6 11. O-O Bxc3 12. bxc3 O-O 13. Qb3 Rd8 14. Nf4 Qd6 15. Rfd1 g5 16. Nh3 Na5 17. Qb4 Nc4 18. Qxd6 Rxd6 19. f4 Bxh3 20. Bxh3 g4 21. Bg2 Ra6 22. Rc2 Ne3 23. Rdd2 Nxc2 24. Rxc2 Rc8 0-1

[Event "Fagernes Open 2021"]
[Site "Fagernes"]
[Date "2021.10.13"]
[Round "5.14"]
[White "Haugen, Lars Tormod"]
[Black "Hellesoy, David"]
[Result "0-1"]
[ECO "A27"]
[WhiteElo "1756"]
[BlackElo "1500"]
[Annotator "NA RC"]
[PlyCount "118"]
[EventDate "2021.10.10"]
[EventCountry "NOR"]
[SourceTitle "playchess.com"]
[Source "ChessBase"]
[SourceQuality "1"]
[TimeControl "40/5400+30:1800+30"]

1. c4 e5 2. Nc3 Nc6 3. Nf3 f5 4. d4 e4 5. Ng5 h6 6. Nh3 g5 7. e3 Nf6 8. Be2 Bg7 9. d5 Ne5 10. d6 Nf7 11. c5 cxd6 12. cxd6 O-O 13. O-O Ne8 14. Bc4 Be5 15. Qd5 Qf6 16. Nb5 a6 17. Nc7 Nxc7 18. dxc7 Bxc7 19. f3 Qe5 20. Qxe5 Bxe5 21. fxe4 fxe4 22. Nf2 Kg7 23. Ng4 d5 24. Nxe5 dxc4 25. Nxc4 Be6 26. b3 Rac8 27. Bb2+ Kg8 28. Rac1 Bxc4 29. bxc4 Nd6 30. Rxf8+ Kxf8 31. c5 Nf7 32. Kf2 Ke7 33. Rc4 Kd7 34. Rd4+ Kc6 35. Rxe4 Kxc5 36. Re7 Nd8 37. Bd4+ Kd6 38. Rh7 Rc2+ 39. Kf3 Rxa2 40. Rxh6+ Ne6 41. g4 Ra5 42. Ba7 Rb5 43. Bb8+ Ke7 44. Rh7+ Kf6 45. Rd7 a5 46. Ke2 a4 47. Kd2 a3 48. Kc2 Nc5 49. Rd6+ Kf7 50. Rd1 Rb2+ 51. Kc3 Ne4+ 52. Kd4 Nd2 53. Be5 Nf3+ 54. Ke4 Nxe5 55. Kxe5 a2 56. Ra1 Rxh2 57. Kf5 Rf2+ 58. Kxg5 b5 59. Rc1 b4 0-1

[Event "Fagernes Open 2021"]
[Site "Fagernes"]
[Date "2021.10.13"]
[Round "5.16"]
[White "Stokhaug, Jon Arne"]
[Black "Carlin, Tormod"]
[Result "1/2-1/2"]
[ECO "D02"]
[WhiteElo "1861"]
[BlackElo "1554"]
[Annotator "NA"]
[PlyCount "106"]
[EventDate "2021.10.10"]
[EventCountry "NOR"]
[SourceTitle "playchess.com"]
[Source "ChessBase"]
[SourceQuality "1"]
[TimeControl "40/5400+30:1800+30"]

1. d4 d5 2. Bf4 Nf6 3. e3 e6 4. Nd2 c5 5. c3 Nc6 6. Ngf3 Bd6 7. Bg5 b6 8. Bd3 Bb7 9. O-O Qc7 10. Bxf6 gxf6 11. e4 Ne7 12. Bb5+ Bc6 13. Bxc6+ Qxc6 14. Qe2 Rg8 15. a4 Bf4 16. a5 Bxd2 17. Nxd2 b5 18. dxc5 Qxc5 19. Nb3 Qc4 20. Qxc4 dxc4 21. Nd4 a6 22. g3 e5 23. Nc2 Nc6 24. Ne3 Ne7 25. Rfd1 Rd8 26. Kf1 Rg6 27. Ke2 f5 28. exf5 Rgd6 29. Rxd6 Rxd6 30. Rd1 Kd7 31. Ng4 Nc6 32. Nf6+ Ke7 33. Nxh7 Rxd1 34. Kxd1 f6 35. g4 Kf7 36. g5 fxg5 37. Nxg5+ Kf6 38. Ne4+ Kxf5 39. Nc5 Nxa5 40. Nxa6 Nc6 41. Ke2 e4 42. Ke3 Ne5 43. Nc7 Ng4+ 44. Ke2 Nxh2 45. Nxb5 Ke5 46. Na3 Kd5 47. Nb1 Ng4 48. Nd2 Ne5 49. Ke3 Ng4+ 50. Ke2 Ne5 51. Ke3 Ng4+ 52. Ke2 Ne5 53. Ke3 Ng4+ 1/2-1/2

[Event "Fagernes Open 2021"]
[Site "Fagernes"]
[Date "2021.10.13"]
[Round "5.17"]
[White "Shehzad, Alina"]
[Black "Andersen, Guttorm"]
[Result "1-0"]
[ECO "C02"]
[WhiteElo "1189"]
[BlackElo "1731"]
[Annotator "NA RC"]
[PlyCount "99"]
[EventDate "2021.10.10"]
[EventCountry "NOR"]
[SourceTitle "playchess.com"]
[Source "ChessBase"]
[SourceQuality "1"]
[TimeControl "40/5400+30:1800+30"]

1. e4 e6 2. d4 d5 3. e5 c5 4. c3 Nc6 5. Nf3 Qb6 6. Be2 Be7 7. O-O f6 8. exf6 Bxf6 9. dxc5 Qxc5 10. Be3 Qd6 11. Na3 Nge7 12. Nb5 Qd8 13. Ng5 Nf5 14. Nf3 Nxe3 15. fxe3 Qb6 16. Nd6+ Kd7 17. Nc4 Qd8 18. e4 Kc7 19. exd5 exd5 20. Na3 a6 21. Qd2 d4 22. Qf4+ Kb6 23. Rad1 Qe7 24. Rfe1 dxc3 25. Nc4+ Ka7 26. Bd3 Qc5+ 27. Kh1 Bd7 28. bxc3 Bxc3 29. Re2 Rhf8 30. Qg3 Bf5 31. Bxf5 Rxf5 32. Nd6 Rd5 33. Rxd5 Qxd5 34. Qf2+ b6 35. Ne4 Qd1+ 36. Ne1 Re8 37. Nxc3 Qd7 38. Rxe8 Qxe8 39. h3 Qe5 40. Qd2 b5 41. Nf3 Qe7 42. Qf2+ Kb7 43. Nd5 Qd8 44. Nc3 b4 45. Ne4 Ka8 46. Qe2 Qb6 47. Qc4 Ka7 48. Nd6 Ne7 49. Qe6 Qc7 50. Qxe7 1-0

[Event "Fagernes Open 2021"]
[Site "Fagernes"]
[Date "2021.10.14"]
[Round "6.1"]
[White "Dahl, Torbjorn"]
[Black "Kittilsen, Sigurd"]
[Result "1-0"]
[ECO "B27"]
[WhiteElo "1876"]
[BlackElo "1881"]
[Annotator "NA"]
[PlyCount "155"]
[EventDate "2021.10.10"]
[EventCountry "NOR"]
[SourceTitle "playchess.com"]
[Source "ChessBase"]
[SourceQuality "1"]
[TimeControl "40/5400+30:1800+30"]

1. e4 c5 2. Nf3 g6 3. c3 Bg7 4. d4 cxd4 5. cxd4 d5 6. e5 Bg4 7. Bb5+ Nd7 8. Nbd2 e6 9. O-O Ne7 10. h3 Bxf3 11. Nxf3 O-O 12. Bg5 a6 13. Bd3 Nb8 14. Qd2 Nbc6 15. Rac1 Qb6 16. g4 f6 17. exf6 Bxf6 18. Qe3 e5 19. Bxf6 Rxf6 20. dxe5 Qxe3 21. fxe3 Re6 22. e4 Nxe5 23. Nxe5 Rxe5 24. exd5 Rd8 25. Rfe1 Rxe1+ 26. Rxe1 Rd7 27. Bc4 Kg7 28. d6 Nc6 29. Re6 Kh6 30. h4 b5 31. g5+ Kh5 32. Bd5 Nb4 33. Bb3 Kxh4 34. Re4+ Kxg5 35. Rxb4 Rxd6 36. Bg8 h5 37. Rb3 Rd2 38. Rg3+ Kf6 39. Rg2 Rd1+ 40. Kf2 Rd2+ 41. Kf3 Rd8 42. Bh7 g5 43. Rc2 Rf8 44. Kg3 Ke5 45. Rc5+ Kd4 46. Rxg5 h4+ 47. Kxh4 Rf2 48. Rg4+ Kc5 49. b4+ Kb6 50. Bg8 Rf3 51. Rg6+ Kc7 52. Kg4 Ra3 53. Kf5 Ra4 54. Rg4 a5 55. Bb3 Ra3 56. Ke5 axb4 57. Rxb4 Kc6 58. Rh4 Kc5 59. Ke4 Ra7 60. Kd3 Rg7 61. Kc3 b4+ 62. Kd3 Rd7+ 63. Kc2 Rg7 64. Rh5+ Kb6 65. Bc4 Rg2+ 66. Kb3 Rg1 67. Kxb4 Rb1+ 68. Bb3 Rg1 69. Rh6+ Kb7 70. Bc4 Rg7 71. a4 Kb8 72. Rf6 Rb7+ 73. Bb5 Ka7 74. Rd6 Kb8 75. Rd8+ Ka7 76. Rd7 Ka8 77. Rxb7 Kxb7 78. Kc5 1-0